 Dungeon Sprint DCSS version 0.30-a0-279-g4b46babb21 (webtiles) character file.

Game seed: 14590620227304425766

84 rocky1 the Insei (level 4, -1/28 HPs)
             Began as an Octopode Transmuter on Oct 17, 2022.
             Slain by a human (6 damage)
             ... in the Dungeon (Sprint III: "The Ten Rune Challenge").
             The game lasted 00:00:56 (333 turns).

rocky1 the Insei (Octopode Transmuter)               Turns: 333, Time: 00:00:56

Health: -1/28      AC:  2    Str:  9    XL:     4   Next: 46%
Magic:  4/10       EV: 20    Int: 17    God:
Gold:   3          SH:  0    Dex: 17    Spells: 7/11 levels left

rFire   . . .      SeeInvis .      - Unarmed
rCold   . . .      Faith    .    (shield currently unavailable)
rNeg    . . .      Spirit   .    (helmet currently unavailable)
rPois   x          Reflect  .    (no amulet)
rElec   .          Harm     .    (no ring)
rCorr   .          Rampage  .    (no ring)
Will    .....      NoTele   +    (no ring)
Stlth   +++.......               (no ring)
HPRegen 0.24/turn                (no ring)
MPRegen 0.12/turn                (no ring)
                                 (no ring)
                                 (no ring)

@: spider-form (expiring)
A: venomous fangs, almost no armour, (amphibious), 8 rings, tiny, (camouflage
1), (gelatinous body 1), (nimble swimmer 1), (tentacles)
a: End Transformation


You were in the Dungeon.
You were a venomous arachnid creature.
You visited 1 branch You collected 3 gold pieces.

Inventory:

Scrolls
 g - a scroll of blinking
Potions
 a - a potion of lignification
 c - a potion of heal wounds
 d - a potion of haste
 e - 2 potions of magic
 f - 2 potions of berserk rage


   Skills:
 + Level 1.0 Fighting
 + Level 3.2 Dodging
 + Level 3.4 Stealth
 + Level 6.3 Unarmed Combat
 + Level 4.0 Spellcasting
 + Level 3.6 Transmutations


You had 7 spell levels left.
You knew the following spells:

 Your Spells              Type           Power      Damage    Failure   Level
a - Beastly Appendage     Tmut           30%        N/A       12%         1
b - Spider Form           Tmut/Pois      9%         N/A       43%         3

Your spell library contained the following spells:

 Spells                   Type           Power      Damage    Failure   Level
 Wereblood                Tmut           15%        N/A       16%         2
 Ice Form                 Ice/Tmut       9%         N/A       78%         4


Dungeon Overview and Level Annotations

Branches:
Dungeon (1/1)

Altars:


Innate Abilities, Weirdness & Mutations

You are a venomous arachnid creature.
You have poisonous fangs.
You are tiny and dextrous.
Your spellcasting is less reliable in this form.
Your armour is entirely melded.
You are incapable of wielding weapons or throwing items.
You cannot wear most types of armour.
((You are amphibious.))
You can wear up to eight rings at the same time.
((Your skin changes colour to match your surroundings (Stealth+).))
((Your rubbery body absorbs attacks. (AC +1, EV +1)))
((You are camouflaged when in or above water. (Stealth+)))
((You have tentacles for arms and can constrict up to eight enemies at once.))


Message History

The human is lightly wounded.
The human barely misses you.
You closely miss the human. You grab the human. You squeeze the human.
The human is moderately wounded.
You constrict the human. The human hits you.
You tentacle-slap the human.
The human is heavily wounded.
You constrict the human. The human barely misses you.
You tentacle-slap the human but do no damage.
You squeeze the human.
The human is heavily wounded.
You constrict the human, but do no damage.
The human hits you!
* * * LOW HITPOINT WARNING * * *
Unknown command.
Casting: Spider Form (quite dangerous; 22% risk of failure)
Confirm with . or Enter, or press ? or * to list all spells.
You don't know that spell.
Casting: Spider Form (quite dangerous; 22% risk of failure)
Confirm with . or Enter, or press ? or * to list all spells.
The spell is quite dangerous to miscast (22% risk of failure)!
Continue anyway?
Okay, then.
Casting: Spider Form (quite dangerous; 22% risk of failure)
Confirm with . or Enter, or press ? or * to list all spells.
The spell is quite dangerous to miscast (22% risk of failure)!
Continue anyway?
You turn into a venomous arachnid creature.
You lose your grip on the human.
The human completely misses you.
Unknown command.
You hit the human.
The human is heavily wounded.
The human barely misses you.
You hit the human but do no damage.
The human is poisoned.
The human is heavily wounded.
Your transformation is almost over.
The human attacks as you move away! The human hits you.
* * * LOW HITPOINT WARNING * * *
You hit the human.
The human looks as sick as possible!
The human is severely wounded.
The human hits you.
You die...

▓▓▓▓▓▓▓▓▓
▓<..#[..####
▓...#......##
▓..##.......# .#
▓##.##.##...# .#
##.##.###..# ..#
▓#.####.##..# ...+
▓.###..##..##
#p..# ▓#.....##.s#
#....#
###..##..p##.....#
##..##...)#......#
#..###..##†#.....#
#..# #.. ####....#
▓▓▓▓ ▓▓▓ ▓▓▓▓▓


You could see a human (extremely poisoned).

Vanquished Creatures
  A scorpion (D)
  Jessica (D)
  An endoplasm (D)
  2 rats (D)
5 creatures vanquished.

Notes
Turn   | Place    | Note
-------+----------+-------------------------------------------
     0 | D        | rocky1 the Octopode Transmuter began the quest for the Orb.
     0 | D        | Reached XP level 1. HP: 13/13 MP: 3/3
    62 | D        | Noticed Jessica
    72 | D        | Killed Jessica
    73 | D        | Reached skill level 5 in Unarmed Combat
    73 | D        | Reached XP level 2. HP: 5/18 MP: 3/6
    73 | D        | Reached XP level 3. HP: 6/23 MP: 3/7
   310 | D        | Learned a level 3 spell: Spider Form
   312 | D        | Noticed a scorpion
   321 | D        | Killed a scorpion
   322 | D        | Reached skill level 6 in Unarmed Combat
   322 | D        | Reached XP level 4. HP: 10/28 MP: 6/10
   333 | D        | Slain by a human

Illustrated notes

Levels and vault maps discovered:
D:        dungeon_sprint_mu [sprint_mu_entry_cave, sprint_mu_temple_rooms,
          sprint_mu_d1_spiders, sprint_mu_d2_genie, sprint_mu_d3_branching,
          sprint_mu_orc_legion, sprint_mu_elf_gauntlet, sprint_mu_hive_nellie,
          sprint_mu_lair_fedhas, sprint_mu_vaults_butterflies,
          sprint_mu_slime_circle, sprint_mu_swamp_cave, sprint_mu_shoals_kraken,
          sprint_mu_blade_basic, sprint_mu_crypt_lich, sprint_mu_tomb_spiral,
          sprint_mu_vestibule_basic, sprint_mu_gehenna_hellfire,
          sprint_mu_dis_giant, sprint_mu_tartarus_statrot,
          sprint_mu_cocytus_islands, sprint_mu_zot1]

Skill      XL: |  1  2  3 |
---------------+----------+-----
Stealth        | 2 3 |  3.4
Unarmed Combat | 5 6 |  6.3
Spellcasting   | 3 4 |  4.0
Dodging        | 3 |  3.2
Transmutations | 3 |  3.6
Fighting       | |  1.0

Action                   |  1- 3 |  4- 6 || total
-------------------------+-------+-------++-------
Melee: Unarmed           |    14 |     8 ||    22
       Kick              |     3 |       ||     3
       Constrict         |     2 |     1 ||     3
       Tentacles         |     1 |     2 ||     3
 Cast: Beastly Appendage |     4 |       ||     4
       Spider Form       |     1 |     1 ||     2
  Use: Potion            |       |     1 ||     1
 Stab: Sleeping          |     3 |       ||     3
Armor: Skin              |     2 |       ||     2
Dodge: Dodged            |     2 |     5 ||     7

Table legend: (Time is in decaauts)
 A = Elapsed time spent in this place.
 B = Non-inter-level travel time spent in this place.
 C = Inter-level travel time spent in this place.
 D = Time resting spent in this place.
 E = Time spent auto-exploring this place.
 F = Levels seen in this place.
 G = Mean time per level.
                   A        B        C        D        E       F      G
               +--------+--------+--------+--------+--------+-----+--------+
         Total |    330 |    330 |      0 |    231 |     45 |   1 |  330.0 |
       Dungeon |    330 |    330 |      0 |    231 |     45 |   1 |  330.0 |
               +--------+--------+--------+--------+--------+-----+--------+

Top non-repeatable levels by time:
       D: 330 daAuts
